 Dungeon Crawl Stone Soup version 0.24.0-41-g2ae2f7f1be (webtiles) character file.

Game seed: 17526704302968325733, levelgen mode: deterministic

27 Devinter the Grave Robber (level 2, 0/21 HPs)
             Began as a Demonspawn Necromancer on Dec 10, 2019.
             Slain by Terence
             ... wielding a +0 short sword
              (3 damage)
             ... on level 1 of the Dungeon.
             The game lasted 00:10:22 (1290 turns).

Devinter the Grave Robber (Demonspawn Necromancer)  Turns: 1290, Time: 00:10:22

Health: 0/21       AC:  4    Str:  5    XL:     2   Next: 93%
Magic:  0/5        EV: 12    Int: 16    God:
Gold:   40         SH:  3    Dex: 13    Spells: 3/5 levels left

rFire    . . .     SeeInvis .   e - +0 whip
rCold    . . .     Gourm    .   b - +0 buckler
rNeg     . . .     Faith    .   a - +0 robe
rPois    .         Spirit   .   (no helmet)
rElec    .         Reflect  .   (no cloak)
rCorr    .         Harm     .   (no gloves)
MR       .....                  (no boots)
Stlth    ++........             (no amulet)
HPRegen  0.07/turn              f - -3 ring of strength (curse)
MPRegen  0.09/turn              (no ring)

@: no status effects
A: iridescent scales 1
a: no special abilities


You were on level 1 of the Dungeon.
You were hungry.

You visited 1 branch of the dungeon, and saw 2 of its levels.

You collected 40 gold pieces.

Inventory:

Hand Weapons
 e - a +0 whip (weapon)
Missiles
 d - 23 stones (quivered)
 h - 14 arrows
Armour
 a - a +0 robe (worn)
 b - a +0 buckler (worn)
Jewellery
 f - a cursed -3 ring of strength (left hand)
Comestibles
 c - 3 rations


   Skills:
 + Level 1.0 Fighting
 - Level 2.0 Dodging
 - Level 2.0 Stealth
 + Level 0.9 Shields
 + Level 2.2 Spellcasting
 + Level 4.6 Necromancy


You had 3 spell levels left.
You knew the following spells:

 Your Spells              Type           Power        Failure   Level  Hunger
a - Pain                  Necr           ###.         4%          1    #......
b - Animate Skeleton      Necr           N/A          4%          1    #......

Your spell library contained the following spells:

 Spells                   Type           Power        Failure   Level  Hunger
 Vampiric Draining        Necr           ###.......   13%         3    ###....
 Regeneration             Chrm/Necr      #.........   34%         3    ###....
 Animate Dead             Necr           N/A          41%         4    #####..


Dungeon Overview and Level Annotations

Branches:
Dungeon (2/15)

Altars:

Annotations:
D:1 Terence


Innate Abilities, Weirdness & Mutations

You are partially covered in iridescent scales. (AC +2)


Message History

Terence says, "Don't bother to defend, it's useless."
Terence completely misses you. Terence hits you with a +0 short sword.
* * * LOW HITPOINT WARNING * * *
You hit Terence but do no damage.
Terence is heavily wounded.
Terence closely misses you.
You hit Terence but do no damage.
Terence is heavily wounded.
Terence hits you with a +0 short sword.
* * * LOW HITPOINT WARNING * * *
Casting: Pain (safe; 4% risk of failure)
Confirm with . or Enter, or press ? or * to list all spells.
Aiming: Pain (safe; 4% risk of failure)
Press: ? - help, Shift-Dir - straight line, f/p - Terence
Aim: Terence, wielding a +0 short sword and wearing a +1 ring mail of cold resistance (heavily wounded, chance to defeat MR: 81%) Terence writhes in agony.
* * * LOW MAGIC WARNING * * *
Terence says, "You're history."
Terence hits you with a +0 short sword.
You die...

########### #.....###
#.....#...#######.###...######
#.................# #.........
########.#........######...#.....
.................................
###...##.###...........##........
##........#####'####............
#.......#+#.......##.........#.#
#..†.#.#.......@................
#..............@...##.......##.#
##....#.#........................
......#..÷.#.###+##.......##.###.
......'.##.#.....[.............#.
......#...................##.....
###.#...............##+##.##.....
###.#.#......#......##...........
..#.#.#.#...........#......##....


You could see Terence.

Vanquished Creatures
  An ooze (D:1)
  A leopard gecko (D:1)
  2 giant cockroaches (D:1)
  7 goblins (D:1)
  2 bats (D:1)
  A frilled lizard (D:1)
  3 kobolds
  2 rats
19 creatures vanquished.

Vanquished Creatures (collateral kills)
  A dart slug (D:1)
  A kobold (D:1)
2 creatures vanquished.

Grand Total: 21 creatures vanquished

Notes
Turn   | Place    | Note
-------+----------+-------------------------------------------
     0 | D:1      | Devinter the Demonspawn Necromancer began the quest for the
                  | Orb.
     0 | D:1      | Reached XP level 1. HP: 13/13 MP: 3/3
    15 | D:1      | Learned a level 1 spell: Animate Skeleton
   620 | D:1      | Gained mutation: You are partially covered in iridescent
                  | scales. (AC +2) [demonic ancestry]
   620 | D:1      | Reached XP level 2. HP: 15/20 MP: 1/5
   853 | D:1      | Reached skill level 2 in Stealth
   868 | D:1      | Reached skill level 2 in Dodging
  1263 | D:2      | Noticed Terence
  1269 | D:2      | Reached skill level 1 in Fighting
  1290 | D:1      | Slain by Terence

Levels and vault maps discovered:
D:1:      noname_arrival_rooms_in_the_neighbourhood, layout_basic
D:2:      layout_basic, grunt_dithmenos_smoke, chequers_serial_rivers_small_b,
          uniq_terence

Skill      XL: |  1  2 |
---------------+-------+-----
Stealth        | 2 |  2.0
Dodging        | 2 |  2.0
Fighting       | 1 |  1.0
Shields        | |  0.9
Spellcasting   | |  2.2
Necromancy     | |  4.6

Action                   || total
-------------------------++-------
Melee: Whip              ||    24
 Cast: Pain              ||    36
       Animate Skeleton  ||     3
  Use: Scroll            ||     1
  Eat: Chunk             ||     1
Armor: Robe              ||     2
Dodge: Dodged            ||    15
Block: Buckler           ||     6
